 Dungeon Crawl Stone Soup version 0.27-a0-988-g25969acef8 (webtiles) character file.

Game seed: 5354474986860679511

4188 tardwrangler69 the Geomancer (level 10, -1/69 HPs)
             Began as a Grey Draconian Earth Elementalist on Apr 15, 2021.
             Was a Follower of Vehumet.
             Engulfed by a steam dragon's steam (3 damage)
             ... while petrified by a basilisk
             ... on level 8 of the Dungeon.
             The game lasted 00:17:07 (10272 turns).

tardwrangler69 the Geomancer (DrEE)                Turns: 10272, Time: 00:17:08

Health: -1/69      AC: 17    Str: 10    XL:     10   Next: 8%
Magic:  6/20       EV:  2    Int: 25    God:    Vehumet [*.....]
Gold:   361        SH:  0    Dex: 12    Spells: 14/23 levels left

rFire    . . .     SeeInvis .   o - staff of earth
rCold    . . .     Faith    .   (no shield)
rNeg     + + +     Spirit   .   (armour unavailable)
rPois    ∞         Reflect  .   (helmet restricted)
rElec    .         Harm     .   n - +0 cloak
rCorr    .         Rampage  .   (no gloves)
Will     .....                  (no boots)
Stlth    ++........             (no amulet)
HPRegen  0.21/turn              y - +4 ring of protection
MPRegen  0.17/turn              m - +6 ring of intelligence

@: petrified, studying Staves
A: AC +12, unfitting armour, unbreathing 2, cold-blooded
a: Renounce Religion


You were on level 8 of the Dungeon.
You worshipped Vehumet.
Vehumet was aware of your devotion.
You visited 2 branches of the dungeon, and saw 9 of its levels.

You collected 403 gold pieces.
You spent 42 gold pieces at shops.

Inventory:

Hand Weapons
 a - a +5 short sword of draining
 G - the +5 war axe "Usaukoyxou" {freeze, rElec rF++}
   (You found it on level 8 of the Dungeon)

   It has been specially enchanted to freeze those struck by it, causing extra
   injury to most foes and up to half again as much damage against particularly
   susceptible opponents.
   It can also slow down cold-blooded creatures.
   It greatly protects you from fire.
   It insulates you from electricity.
Missiles
 b - 103 stones
Armour
 n - a +0 cloak (worn)
Magical Staves
 o - a staff of earth (weapon)
Jewellery
 f - a ring of wizardry
 m - a +6 ring of intelligence (right hand)
 x - a ring of fire
 y - a +4 ring of protection (left hand)
 E - a +6 ring of dexterity
 H - a ring of protection from fire
Wands
 q - a wand of digging (5)
 A - a wand of polymorph (7)
 C - a wand of paralysis (7)
 F - a wand of flame (10)
 I - a wand of iceblast (12)
Scrolls
 c - 2 scrolls of summoning {unknown}
 e - 2 scrolls of amnesia {unknown}
 g - 2 scrolls of teleportation
 k - 2 scrolls of fear {unknown}
 l - 4 scrolls of identify {unknown}
 p - a scroll of brand weapon {unknown}
 r - 3 scrolls of enchant armour {unknown}
 s - a scroll of silence {unknown}
 t - 4 scrolls of blinking {unknown}
 u - a scroll of fog {unknown}
 v - 3 scrolls of vulnerability {unknown}
 D - a scroll of immolation {unknown}
Potions
 d - 2 potions of attraction {unknown}
 h - 3 potions of might {unknown}
 i - a potion of mutation {unknown}
 j - 5 potions of curing {unknown}
 w - a potion of ambrosia {unknown}
 z - a potion of degeneration {unknown}
 B - a potion of lignification {unknown}
 J - a potion of flight {unknown}


   Skills:
 - Level 1.7 Dodging
 - Level 1.7 Stealth
 - Level 7.0 Spellcasting
 - Level 4.4 Conjurations
 - Level 1.0 Transmutations
 * Level 13.9 Earth Magic


You had 14 spell levels left.
You knew the following spells:

 Your Spells              Type           Power      Damage    Failure   Level
a - Sandblast             Erth           100%       2d20      1%          1
b - Stone Arrow           Conj/Erth      100%       3d13      1%          3
c - Lee's Rapid Deconstr  Erth           43%        3d22*     1%          5

Your spell library contained the following spells:

 Spells                   Type           Power      Damage    Failure   Level
 Magic Dart               Conj           100%       1d8       1%          1
 Passwall                 Tmut/Erth      51%        N/A       1%          2
 Petrify                  Tmut/Erth      62%        N/A       3%          4


Dungeon Overview and Level Annotations

Branches:
Dungeon (8/15)             Temple (1/1) D:6
   Lair: D:8-11

Altars:
Cheibriados
Dithmenos
Elyvilon
Fedhas
Gozag
Hepliaklqana
Kikubaaqudgha
Makhleb
Nemelex Xobeh
Okawaru
Qazlal
Ru
Sif Muna
Trog
Uskayaw
Vehumet
Wu Jian
Xom
Zin
The Shining One

Shops:
D:1 ?[*:[   D:8 !

Annotations:
D:6 2 transporters, Zeld's ghost, novice OpCj


Innate Abilities, Weirdness & Mutations

Your dull iron-grey scales are very hard. (AC +12)
You cannot fit into any form of body armour.
You can survive without breathing, even under water.
You are cold-blooded and may be slowed by cold attacks.


Message History

Vehumet accepts your kill. The basilisk gazes at you.
Your limbs have turned to stone.
The steam dragon breathes steam at you. The ball of steam hits you!
The basilisk closely misses you.
You have turned to stone.
You are engulfed in a cloud of scalding steam.
The basilisk bites you but does no damage.
The steam dragon bites you. The steam dragon completely misses you.
You are engulfed in a cloud of scalding steam.
The basilisk is engulfed in a cloud of scalding steam.
The basilisk bites you but does no damage.
The steam dragon bites you but does no damage.
The steam dragon claws you but does no damage.
You are engulfed in a cloud of scalding steam.
The basilisk is engulfed in a cloud of scalding steam.
The basilisk bites you but does no damage.
The steam dragon barely misses you.
The steam dragon claws you but does no damage.
The basilisk bites you. The steam dragon bites you.
The steam dragon claws you but does no damage.
The basilisk bites you. The steam dragon breathes steam at you.
The ball of steam hits you.
You are engulfed in a cloud of scalding steam.
* * * LOW HITPOINT WARNING * * *
The basilisk bites you!
* * * LOW HITPOINT WARNING * * *
The steam dragon bites you.
* * * LOW HITPOINT WARNING * * *
The steam dragon claws you but does no damage.
You are engulfed in a cloud of scalding steam.
* * * LOW HITPOINT WARNING * * *
The basilisk bites you.
* * * LOW HITPOINT WARNING * * *
The steam dragon bites you but does no damage.
The steam dragon claws you.
* * * LOW HITPOINT WARNING * * *
You are engulfed in a cloud of scalding steam.
You die...

......# #..........#
......# #..........#
......# #..........#
......# #..........#
####### ############ #
########### .# .#
###.........###.#.#
#.....###.§..l...#####
####.†##.#
###.@D[.......
##...######
#.#§###...... ..####
#.### ..... ##.# ##
.l.. ### #.# #


You could see a basilisk and a steam dragon (catching breath).

Vanquished Creatures
  A komodo dragon (D:8)
  Sigmund (D:5)
  3 wyverns (D:8)
  Eustachio (D:4)
  An acid dragon (D:8)
  A water moccasin (D:5)
  Duvessa (D:6)
  An ice beast (D:7)
  2 orc warriors
  A sky beast (D:5)
  4 ogres
  3 phantoms
  3 centaurs
  A bullfrog (D:7)
  A gnoll sergeant (D:8)
  A wyvern skeleton (D:6)
  A water moccasin skeleton (D:5)
  Dowan (D:6)
  5 killer bees
  5 wights (D:8)
  3 howler monkeys (D:8)
  A bullfrog zombie (D:7)
  4 hounds
  A jelly (D:5)
  3 orc priests
  A centaur zombie (D:4)
  3 bullfrog skeletons
  2 centaur skeletons
  2 orc wizards
  2 iguanas
  A killer bee zombie (D:3)
  A howler monkey zombie (D:5)
  10 adders
  6 gnolls
  2 shadow imps
  3 white imps
  2 ufetubi
  2 adder skeletons (D:4)
  4 dart slugs
  21 orcs
  7 ball pythons
  6 endoplasms
  2 giant cockroaches
  6 goblins
  5 hobgoblins
  6 jackals
  3 quokkas
  2 bats (D:1)
  2 frilled lizards (D:1)
  5 kobolds
  4 rats (D:3)
160 creatures vanquished.

Notes
Turn   | Place    | Note
-------+----------+-------------------------------------------
     0 | D:1      | tardwrangler69 the Draconian Earth Elementalist began the
                  | quest for the Orb.
     0 | D:1      | Reached XP level 1. HP: 14/14 MP: 3/3
   454 | D:1      | Found Fur Otun's Antique Armour Emporium.
   468 | D:1      | Found a faded altar of an unknown god.
   657 | D:1      | Reached XP level 2. HP: 18/20 MP: 5/5
   678 | D:1      | Found Byt Ame's Assorted Antiques.
   694 | D:1      | Found Vuaczesou's Antique Armour Boutique.
  1012 | D:1      | Found Wazinelu's Magic Scroll Shop.
  1026 | D:1      | Bought a scroll of teleportation for 42 gold pieces
  1207 | D:1      | Found Zulah's Book Emporium.
  1318 | D:2      | Reached XP level 3. HP: 11/26 MP: 3/6
  1632 | D:2      | Reached skill level 4 in Earth Magic
  1914 | D:2      | Reached XP level 4. HP: 15/33 MP: 6/8
  2886 | D:3      | Found a white marble altar of Elyvilon.
  2886 | D:3      | Found an ancient bone altar of Kikubaaqudgha.
  2888 | D:3      | Found a glowing golden altar of the Shining One.
  3236 | D:3      | Found a glowing silver altar of Zin.
  3281 | D:3      | Reached skill level 5 in Earth Magic
  3281 | D:3      | Reached XP level 5. HP: 26/38 MP: 6/9
  3617 | D:4      | Noticed an ogre
  3651 | D:4      | Learned a level 3 spell: Stone Arrow
  3657 | D:4      | Learned a level 5 spell: Lee's Rapid Deconstruction
  3783 | D:4      | Noticed Eustachio
  3902 | D:4      | Killed Eustachio
  3903 | D:4      | Reached skill level 1 in Conjurations
  3903 | D:4      | Reached XP level 6. HP: 45/45 MP: 4/11
  4125 | D:4      | Reached skill level 6 in Earth Magic
  4371 | D:4      | Found a sparkling altar of Nemelex Xobeh.
  4532 | D:4      | Your scales start taking on a dull iron-grey colour.
  4532 | D:4      | Reached skill level 7 in Earth Magic
  4532 | D:4      | Reached XP level 7. HP: 50/50 MP: 5/12
  4532 | D:4      | Gained mutation: You can survive without breathing. [Grey
                  | Draconian growth]
  4532 | D:4      | Gained mutation: You can survive without breathing, even
                  | under water. [Grey Draconian growth]
  4733 | D:5      | Entered Level 5 of the Dungeon
  4774 | D:5      | Found a burning altar of Makhleb.
  4945 | D:5      | Reached skill level 8 in Earth Magic
  5551 | D:5      | Noticed Sigmund
  5577 | D:5      | Reached XP level 8. HP: 57/57 MP: 12/14
  5596 | D:4      | Reached skill level 9 in Earth Magic
  5813 | D:5      | Reached skill level 5 in Spellcasting
  6152 | D:5      | Killed Sigmund
  6375 | D:6      | Reached skill level 10 in Earth Magic
  6776 | D:6      | Found a staircase to the Ecumenical Temple.
  6808 | Temple   | Entered the Ecumenical Temple
  6972 | Temple   | Became a worshipper of Vehumet
  7110 | D:6      | Noticed Dowan
  7112 | D:6      | Noticed Duvessa
  7113 | D:6      | Killed Dowan
  7117 | D:6      | Killed Duvessa
  7118 | D:6      | Reached skill level 11 in Earth Magic
  7118 | D:6      | Reached XP level 9. HP: 62/62 MP: 1/17
  7670 | D:6      | Found a transporter.
  7671 | D:6      | Noticed Zeld's ghost (novice OpCj)
  7677 | D:6      | Identified the +11 great mace of the Moon {vorpal, Str+4}
  7677 | D:6      | Identified the +7 great mace "Ypnemidu" {drain, rPois Str-5
                  | SInv}
  7677 | D:6      | Noticed a two-headed ogre
  7678 | D:6      | Found a transporter.
  8528 | D:7      | Reached skill level 12 in Earth Magic
  8724 | D:7      | Found an iron altar of Okawaru.
  9189 | D:8      | Reached * piety under Vehumet
  9189 | D:8      | Offered knowledge of Magic Dart by Vehumet.
  9708 | D:8      | Identified the +5 war axe "Usaukoyxou" {freeze, rElec rF++}
  9885 | D:8      | Found a blossoming altar of Fedhas.
  9886 | D:8      | Found Zyined's Distillery.
  9934 | D:8      | Reached skill level 13 in Earth Magic
 10244 | D:8      | Reached XP level 10. HP: 69/69 MP: 10/20
 10271 | D:8      | HP: 2/69 [steam dragon (2)]
 10272 | D:8      | Engulfed by a steam dragon's steam

Illustrated notes

Levels and vault maps discovered:
D:1:      evilmike_arrival_plus, layout_rooms, serial_shops, shop, shop_statue,
          shop, nicolae_shop_stone, shop, chequers_ecumenical_altar_simple
D:2:      layout_loops_ring
D:3:      layout_loops_ring, nicolae_overflow_hidden_temple,
          grunt_temple_overflow_open
D:4:      layout_loops_cross, nicolae_overflow_crystal_walls,
          chequers_ossuary_entry_cave, uniq_eustachio
D:5:      layout_gridville, makhleb_blood_cavern_becter, uniq_sigmund
D:6:      minmay_general_purpose_star, layout_loops_ring,
          minmay_temple_entry_waves, gammafunk_ghost_smash,
          serial_park_tiny_pond, minmay_manual_mares, uniq_duvessa
D:7:      layout_basic, lemuel_doored_altar
D:8:      layout_basic, fedhas_ov_isle_minmay, erik_lair_dragon, serial_shops,
          shop, abandoned_shop
Temple:   minmay_temple_bridge_abc

Skill      XL: |  1  2  3  4  5  6  7  8  9 |
---------------+----------------------------+-----
Earth Magic    | 4 5 7 8 11 13 | 13.9
Spellcasting   | 3 4 5 7 |  7.0
Conjurations   | 1 3 4 |  4.4
Dodging        | |  1.7
Stealth        | |  1.7
Transmutations | |  1.0

Action                   |  1- 3 |  4- 6 |  7- 9 | 10-12 || total
-------------------------+-------+-------+-------+-------++-------
Melee: Unarmed           |    21 |       |       |       ||    21
       Short sword       |    77 |    42 |       |       ||   119
       Tailslap          |     9 |     8 |     5 |       ||    22
       Staff             |       |    50 |    61 |       ||   111
 Cast: Sandblast         |    15 |    27 |    42 |       ||    84
       Stone Arrow       |       |     5 |    98 |     3 ||   106
       Lee's Rapid Decon |       |       |     4 |       ||     4
 Stab: Sleeping          |     2 |     5 |       |       ||     7
Armor: Skin              |    35 |    35 |    63 |    19 ||   152
Dodge: Dodged            |    75 |    76 |    66 |     3 ||   220

Table legend: (Time is in decaauts)
 A = Elapsed time spent in this place.
 B = Non-inter-level travel time spent in this place.
 C = Inter-level travel time spent in this place.
 D = Time resting spent in this place.
 E = Time spent auto-exploring this place.
 F = Levels seen in this place.
 G = Mean time per level.
                   A        B        C        D        E       F      G
               +--------+--------+--------+--------+--------+-----+--------+
         Total |  10308 |  10014 |    294 |    177 |   8613 |   9 | 1145.3 |
       Dungeon |  10122 |   9849 |    273 |    177 |   8474 |   8 | 1265.2 |
        Temple |    185 |    164 |     21 |      0 |    139 |   1 |  185.0 |
               +--------+--------+--------+--------+--------+-----+--------+

Top non-repeatable levels by time:
     D:5: 1419 daAuts
     D:6: 1337 daAuts
     D:2: 1337 daAuts
     D:7: 1275 daAuts
     D:1: 1255 daAuts
     D:4: 1203 daAuts
     D:8: 1147 daAuts
     D:3: 1145 daAuts
  Temple: 185 daAuts
